 Dungeon Crawl Stone Soup version 0.21.1-1-g345015f (webtiles) character file.

79 Lapis the Digger (level 4, -2/36 HPs)
             Began as a Naga Earth Elementalist on Feb 12, 2018.
             Slain by Natasha (7 damage)
             ... on level 3 of the Dungeon.
             The game lasted 00:03:25 (2096 turns).

Lapis the Digger (Naga Earth Elementalist)          Turns: 2096, Time: 00:03:26

Health: -2/36      AC:  4    Str: 10    XL:     4   Next: 38%
Magic:  0/8        EV:  8    Int: 17    God:
Gold:   44         SH:  0    Dex: 13    Spells: 3/9 levels left

rFire    . . .     SeeInvis +   m - +0 hand axe
rCold    . . .     Gourm    .   (no shield)
rNeg     . . .     Faith    .   n - -2 ring mail (curse)
rPois    +         Spirit   .   p - +0 helmet
rElec    .         Reflect  .   (no cloak)
rCorr    .         Harm     .   a - +1 pair of gloves
MR       .....                  (no barding)
Stlth    ++........             (no amulet)
HPRegen  0.12/turn              h - +2 ring of dexterity
MPRegen  0.11/turn              (no ring)

@: very slow
A: large, see invisible, deformed body, poison resistance, slowness 2, slow
metabolism 1, spit poison 1, AC +1
a: Spit Poison


You were on level 3 of the Dungeon.
You were not hungry.

You visited 1 branch of the dungeon, and saw 3 of its levels.

You collected 44 gold pieces.

Inventory:

Hand Weapons
 m - a +0 hand axe (weapon)
 s - a +0 scimitar
Missiles
 b - 17 stones (quivered)
 j - 11 tomahawks
Armour
 a - a +1 pair of gloves (worn)
 c - a +0 robe
 n - a cursed -2 ring mail (worn)
 p - a +0 helmet (worn)
Jewellery
 h - a +2 ring of dexterity (left hand)
 o - an uncursed ring of stealth {unknown}
Scrolls
 g - 2 scrolls of enchant weapon {unknown}
 i - a scroll of enchant armour {unknown}
 k - a scroll of fear {unknown}
 r - 2 scrolls of identify
Potions
 l - a potion of curing {unknown}
Books
 e - a book of Geomancy

   Spells                             Type                      Level
   a - Sandblast                      Earth                        1
   b - Passwall                       Transmutation/Earth          2
   c - Stone Arrow                    Conjuration/Earth            3
   d - Petrify                        Transmutation/Earth          4
   e - Lee's Rapid Deconstruction     Earth                        5
 f - a book of Cantrips

   Spells                             Type                      Level
   a - Confusing Touch                Hexes                        1
   b - Animate Skeleton               Necromancy                   1
   c - Summon Small Mammal            Summoning                    1
   d - Apportation                    Translocation                1
Comestibles
 d - 3 rations
 q - a chunk of flesh


   Skills:
 + Level 0.2 Fighting
 + Level 0.2 Armour
 - Level 1.5 Dodging
 - Level 3.0 Stealth
 + Level 3.0 Spellcasting
 * Level 0.9 Conjurations
 + Level 1.0 Transmutations
 + Level 4.0 Earth Magic


You had 3 spell levels left.
You knew the following spells:

 Your Spells              Type           Power        Failure   Level  Hunger
a - Sandblast             Erth           ###...       9%          1    None
b - Passwall              Tmut/Erth      ##........   24%         2    ##.....
c - Stone Arrow           Conj/Erth      ##....       43%         3    ###....


Dungeon Overview and Level Annotations

Branches:
Dungeon (3/15)

Altars:
Elyvilon
Trog
Xom

Annotations:
D:2 Terence
D:3 Natasha


Innate Abilities, Weirdness & Mutations

You cannot wear boots.
Your serpentine skin is tough. (AC +1)
You have supernaturally acute eyesight. (SInv)
Armour fits poorly on your strangely shaped body.
Your system is resistant to poisons. (rPois)
You cover ground very slowly.
You have a slow metabolism.
You can spit poison.


Message History

The magic dart hits you! Natasha claws you.
* * * LOW HITPOINT WARNING * * *
You completely miss Natasha.
Natasha is moderately wounded.
You hit the crimson imp. Natasha claws you.
* * * LOW HITPOINT WARNING * * *
The crimson imp hits you.
* * * LOW HITPOINT WARNING * * *
Unknown command.
Casting: Sandblast
Confirm with . or Enter, or press ? or * to list all spells.
Aiming: Sandblast
Press: ? - help, Shift-Dir - straight line, f - crimson imp
Aim: a crimson imp (lightly wounded, summoned)
The blast of sand hits the crimson imp.
You kill the crimson imp!
b - 17 stones The crimson imp disappears in a puff of smoke!
Natasha claws you!
You die...

.................
#...............# .
##......#.##...## ..
....#..#..###...# ...
..#...........#.#
....###...#..........
....#.###...#####h#
#...5.....#####.
#@##...........
##h##.h.........
.=.##.ยง#.h.##.......
...........## .......
.....#..#### .......
....###.# .......
.... ... ....... 8.8
#.#. ..## .. #. .


You could see Natasha and a crimson imp.

Vanquished Creatures
  4 adders
  An ooze (D:2)
  An adder skeleton (D:2)
  A dart slug (D:2)
  A leopard gecko (D:2)
  An orc (D:2)
  3 bats
  A giant cockroach (D:2)
  2 goblins (D:2)
  A hobgoblin (D:2)
  6 jackals (D:3)
  2 kobolds
  A ball python (D:2)
  5 frilled lizards
  4 rats (D:2)
34 creatures vanquished.

Notes
Turn   | Place    | Note
-------+----------+-------------------------------------------
     0 | D:1      | Lapis the Naga Earth Elementalist began the quest for the Orb.
     0 | D:1      | Reached XP level 1. HP: 15/15 MP: 3/3
  1130 | D:2      | Reached XP level 2. HP: 22/22 MP: 0/5
  1209 | D:2      | Noticed Terence
  1261 | D:2      | Reached XP level 3. HP: 27/28 MP: 3/6
  1265 | D:2      | Learned a level 2 spell: Passwall
  1269 | D:2      | Learned a level 3 spell: Stone Arrow
  1503 | D:2      | Found a white marble altar of Elyvilon.
  1504 | D:2      | Found a shimmering altar of Xom.
  1517 | D:2      | Reached skill level 4 in Earth Magic
  1901 | D:2      | Found a bloodstained altar of Trog.
  1917 | D:2      | Reached XP level 4. HP: 36/36 MP: 6/8
  2080 | D:3      | Noticed Natasha
  2096 | D:3      | Slain by Natasha

Skill      XL: |  1  2  3  4 |
---------------+-------------+-----
Earth Magic    | 4 |  4.0
Spellcasting   | 3 |  3.0
Fighting       | |  0.2
Armour         | |  0.2
Dodging        | |  1.5
Stealth        | |  3.0
Conjurations   | |  0.9
Transmutations | |  1.0

Action                   |  1- 3 |  4- 6 || total
-------------------------+-------+-------++-------
Melee: Hand axe          |     7 |    25 ||    32
 Cast: Sandblast         |    35 |    12 ||    47
  Use: Scroll            |     2 |       ||     2
  Eat: Chunk             |     2 |     1 ||     3
Armor: Robe              |     2 |       ||     2
       Ring mail         |     5 |    15 ||    20
Dodge: Dodged            |     8 |    20 ||    28
